 Dungeon Sprint DCSS version 0.26.1-11-gd32895ea62 (webtiles) character file.

Game seed: 5686006037757453438

5127 Zeld the Arsonist (level 10, -10/50 HPs)
             Began as a Deep Elf Fire Elementalist on June 6, 2021.
             Was a High Priest of Sif Muna.
             Mangled by a shadow wraith (21 damage)
             ... summoned by a royal mummy
             ... in the Dungeon (Sprint V: "Ziggurat Sprint").
             The game lasted 00:05:28 (1037 turns).

Zeld the Arsonist (Deep Elf Fire Elementalist)      Turns: 1037, Time: 00:05:28

Health: -10/50     AC:  4    Str:  5    XL:     10   Next: 33%
Magic:  15/29      EV: 20    Int: 30    God:    Sif Muna [*****.]
Gold:   0          SH:  0    Dex: 15    Spells: 22/35 levels left

rFire    . . .     SeeInvis +   a - +5 quick blade (protect)
rCold    . . .     Faith    .   (no shield)
rNeg     . . .     Spirit   .   k - +0 robe
rPois    +         Reflect  .   z - +2 helmet {SInv}
rElec    .         Harm     .   v - +2 cloak {rPois}
rCorr    +         Rampage  .   (no gloves)
Will     +....     NoTele   +   (no boots)
Stlth    ++........             (no amulet)
HPRegen  0.16/turn              w - +6 ring of intelligence
MPRegen  0.21/turn              y - ring of resist corrosion

@: lethally poisoned (-10 -> -22), corroded, slowed, very slow
A: no striking features
a: Renounce Religion, Channel Magic, Forget Spell, Divine Exegesis


You were in the Dungeon.
You worshipped Sif Muna.
Sif Muna was extremely pleased with you.
You visited 1 branch

Inventory:

Hand Weapons
 a - a +5 quick blade of protection (weapon)
Armour
 k - a +0 robe (worn)
 v - a +2 cloak of poison resistance (worn)
 z - a +2 helmet of see invisible (worn)
Jewellery
 w - a +6 ring of intelligence (left hand)
 y - a ring of resist corrosion (right hand)
Wands
 s - a wand of disintegration (7)
 t - a wand of iceblast (5)
 u - a wand of acid (7)
Scrolls
 h - 2 scrolls of blinking
 m - 4 scrolls of amnesia
 n - 7 scrolls of fog
 o - a scroll of holy word
 p - 5 scrolls of identify
 q - 5 scrolls of remove curse
 r - 2 scrolls of fear
Potions
 b - 2 potions of brilliance
 c - 7 potions of curing
 d - 7 potions of heal wounds
 e - 6 potions of haste
 f - 7 potions of magic
 g - 3 potions of berserk rage
 i - a potion of invisibility
 j - 4 potions of resistance
 l - 5 potions of might
Miscellaneous
 x - a lightning rod (1/4)


   Skills:
 - Level 8.0 Short Blades
 + Level 11.8 Dodging
 - Level 2.4 Stealth
 + Level 13.0 Spellcasting
 - Level 1.1 Conjurations
 * Level 14.9 Fire Magic
 * Level 13.7 Invocations


You had 22 spell levels left.
You knew the following spells:

 Your Spells              Type           Power        Failure   Level
a - Foxfire               Conj/Fire      100%         1%          1
b - Conjure Flame         Conj/Fire      61%          1%          3
c - Sticky Flame          Conj/Fire      61%          1%          4
d - Fireball              Conj/Fire      30%          2%          5

Your spell library contained the following spells:

 Spells                   Type           Power        Failure   Level
 Inner Flame              Hex/Fire       59%          1%          3
 Animate Skeleton         Necr           38%          2%          1
 Beastly Appendage        Tmut           38%          2%          1
 Pain                     Necr           76%          2%          1
 Blink                    Tloc           N/A          3%          2
 Gell's Gravitas          Tloc           9%           8%          3
 Lesser Beckoning         Tloc           9%           8%          3
 Teleport Other           Tloc           19%          8%          3
 Vampiric Draining        Necr           9%           8%          3
 Animate Dead             Necr           9%           26%         4
 Cause Fear               Hex            9%           26%         4
 Dispel Undead            Necr           19%          26%         4
 Ice Form                 Ice/Tmut       19%          26%         4
 Passage of Golubria      Tloc           N/A          26%         4
 Summon Lightning Spire   Summ/Air       19%          26%         4
 Agony                    Necr           19%          56%         5
 Borgnjor's Vile Clutch   Necr/Erth      9%           56%         5
 Conjure Ball Lightning   Conj/Air       11%          97%         6
 Simulacrum               Ice/Necr       9%           98%         6
 Dragon Form              Tmut           9%           100%        7
 Malign Gateway           Summ/Tloc      9%           100%        7
 Monstrous Menagerie      Summ           9%           100%        7
 Summon Greater Demon     Summ           9%           100%        7
 Summon Horrible Things   Summ           9%           100%        8
 Dragon's Call            Summ           9%           100%        9


Dungeon Overview and Level Annotations

Branches:
Dungeon (1/1)

Altars:
Ashenzari
Cheibriados
Dithmenos
Elyvilon
Fedhas
Gozag
Hepliaklqana
Kikubaaqudgha
Makhleb
Nemelex Xobeh
Okawaru
Qazlal
Ru
Sif Muna
Trog
Uskayaw
Vehumet
Wu Jian
Xom
Yredelemnul
Zin
The Shining One
Beogh
Jiyva
Lugonu

Annotations:
D 1 transporter


Message History

The rust devil misses you.
Unknown command.
Unknown command.
Aiming: Thunderbolt
Press: ? - help, Shift-Dir - straight line, f/p - ushabti
Aim: an ushabti (severely damaged, catching its breath)
The thunderbolt hits the ushabti.
The ushabti resists.
The ushabti is severely damaged.
The thunderbolt hits the rust devil.
The rust devil resists.
The rust devil is moderately wounded.
The thunderbolt hits the flayed ghost!!
The flayed ghost is moderately damaged.
You are engulfed in dark miasma.
You are poisoned.
You feel as though you will be slow longer.
* * * LOW HITPOINT WARNING * * *
x2 You feel very sick.
The shadow wraith misses you. The rust devil closely misses you.
The shadow wraith hits you!!
You die...

▓..8©8...▓..8©8...▓
▓...)=...▓..=.[...▓
▓...[....▓..).....▓
▓...†....▓........▓
▓........▓........▓
▓...†....▓.▓.[..▓.▓
▓...©....▓...©....▓
▓▓▓▓▓▓▓▓▓▓▓▓▓▓▓▓▓▓▓
..8©8.M@▓..8©8..▓
▓..[[})WW4▓..[)...▓
▓...[})ZWW▓..)=[..▓
▓.....WZ8.▓.......▓
▓....W....▓.......▓
▓.........▓.......▓
▓.........▓....†..▓
▓.▓..†..▓.▓....†..▓
▓....©....▓...©...▓


You could see a royal mummy, a flayed ghost (summoned), a shadow wraith
(summoned, invisible), 2 phantasmal warriors, an ushabti (catching breath), a
rust devil (summoned), a freezing wraith (summoned), a shadow (summoned), an
adder simulacrum (summoned) and a giant cockroach zombie (summoned).

Vanquished Creatures
  2 death scarabs (D)
  A wolf spider (D)
  An ugly thing (D)
  4 cane toads (D)
  A guardian mummy (D)
  A jumping spider (D)
  2 hornets (shapeshifter) (D)
  A flying skull (D)
  2 tarantellas (D)
  A soldier ant (shapeshifter) (D)
  A tengu (shapeshifter) (D)
  2 wolves (D)
  5 scorpions (D)
  A wight (D)
  An iguana (D)
  A mummy (D)
  6 river rats (D)
  A jackal (D)
  A leopard gecko zombie (D)
35 creatures vanquished.

Notes
Turn   | Place    | Note
-------+----------+-------------------------------------------
     0 | D        | Zeld the Deep Elf Fire Elementalist began the quest for the
                  | Orb.
     0 | D        | Reached XP level 1. HP: 10/10 MP: 6/6
     0 | D        | Found a shimmering blue altar of Sif Muna.
     0 | D        | Found a bloodstained altar of Trog.
     0 | D        | Found a sacrificial altar of Ru.
     0 | D        | Found a stormy altar of Qazlal.
     0 | D        | Found an iron altar of Okawaru.
     1 | D        | Found a sparkling altar of Nemelex Xobeh.
     1 | D        | Found a blossoming altar of Fedhas.
     2 | D        | Found the +6 Majin-Bo {vamp, MP+6 Int+6}
     2 | D        | Found the +9 heavy crossbow "Sniper" {vorpal, Acc+∞ SInv}
     2 | D        | Found the +10 dark maul {vorpal}
     2 | D        | Found the +15 Maxwell's patent armour {-Cast -Tele rElec
                  | Will+ rCorr}
     2 | D        | Found the +18 shield of the Gong {rElec rN+ Will+ EV-5}
     2 | D        | Found the cursed +14 obsidian axe {vorpal, +Fly SInv
                  | *Curse}
     2 | D        | Found the +7 great mace "Firestarter" {inner flame, rF++}
     2 | D        | Found the +6 shillelagh "Devastator" {shatter}
     2 | D        | Found the +11 plutonium sword {*Contam Stlth-}
     2 | D        | Found the +8 lance "Wyrmbane" {slay drac, rPois rF+ rC+
                  | AC+3}
     2 | D        | Found the +9 sword of Zonguldrok {reap}
     2 | D        | Found the cursed +13 scythe of Curses {drain, *Curse}
     2 | D        | Found the +5 sword of Power {vorpal}
     2 | D        | Found the +7 mace of Variability {chain chaos}
     2 | D        | Found the +7 Singing Sword {vorpal, sonic wave}
     2 | D        | Found the +8 storm bow {elec, penet}
     3 | D        | Found a transporter.
     3 | D        | Found an ancient bone altar of Kikubaaqudgha.
     3 | D        | Found a viscous altar of Jiyva.
     3 | D        | Found a corrupted altar of Lugonu.
     3 | D        | Found a hazy altar of Hepliaklqana.
     3 | D        | Found a burning altar of Makhleb.
     3 | D        | Found an opulent altar of Gozag.
    18 | D        | Reached skill level 5 in Dodging
    18 | D        | Reached skill level 5 in Spellcasting
    18 | D        | Reached skill level 6 in Fire Magic
    18 | D        | Reached XP level 2. HP: 15/15 MP: 6/10
    21 | D        | Became a worshipper of Sif Muna the Loreminder
    97 | D        | Entered arena 2.
    97 | D        | Noticed a wight
    97 | D        | Found a transporter.
    99 | D        | Killed a wight
   100 | D        | Reached skill level 1 in Short Blades
   100 | D        | Reached skill level 7 in Fire Magic
   100 | D        | Reached XP level 3. HP: 19/19 MP: 10/12
   219 | D        | Learned a level 3 spell: Conjure Flame
   221 | D        | Entered arena 3.
   221 | D        | Noticed a tarantella
   221 | D        | Noticed a scorpion
   221 | D        | Noticed a tarantella
   221 | D        | Found a transporter.
   223 | D        | Killed a scorpion
   223 | D        | Reached * piety under Sif Muna
   223 | D        | Killed a tarantella
   224 | D        | Reached skill level 9 in Fire Magic
   224 | D        | Reached XP level 4. HP: 24/24 MP: 12/15
   224 | D        | Reached XP level 5. HP: 28/28 MP: 13/17
   225 | D        | Killed a tarantella
   226 | D        | Reached XP level 6. HP: 32/32 MP: 14/19
   231 | D        | Learned a level 4 spell: Sticky Flame
   237 | D        | Learned a level 5 spell: Fireball
   257 | D        | Entered arena 4.
   257 | D        | Found a transporter.
   258 | D        | Reached ** piety under Sif Muna
   259 | D        | Reached skill level 10 in Fire Magic
   271 | D        | Entered arena 5.
   271 | D        | Found a transporter.
   272 | D        | Reached *** piety under Sif Muna
   274 | D        | Reached skill level 5 in Short Blades
   274 | D        | Reached XP level 7. HP: 36/36 MP: 19/21
   399 | D        | Entered arena 6.
   399 | D        | Noticed a hornet
   399 | D        | Noticed a brown ugly thing
   399 | D        | Noticed a hornet
   399 | D        | Identified the +13 plate armour "Xinwev" {rC+ Str+3}
   399 | D        | Found a transporter.
   402 | D        | Killed a hornet
   403 | D        | Reached skill level 11 in Fire Magic
   403 | D        | Killed a hornet
   403 | D        | Reached **** piety under Sif Muna
   404 | D        | Reached XP level 8. HP: 41/41 MP: 16/23
   405 | D        | Killed a brown ugly thing
   406 | D        | Reached skill level 10 in Spellcasting
   406 | D        | Reached skill level 12 in Fire Magic
   406 | D        | Reached skill level 10 in Invocations
   419 | D        | Got the ring of Nicram {rElec rPois rF- EV+4 Str+3}
   453 | D        | Entered arena 7.
   453 | D        | Noticed a wolf spider
   453 | D        | Noticed a jumping spider
   455 | D        | Killed a jumping spider
   459 | D        | Reached ***** piety under Sif Muna
   462 | D        | Found a transporter.
   463 | D        | Received a gift from Sif Muna
   463 | D        | Killed a wolf spider
   464 | D        | Reached skill level 10 in Dodging
   464 | D        | Reached skill level 13 in Fire Magic
   464 | D        | Reached XP level 9. HP: 21/45 MP: 6/26
   597 | D        | Entered arena 8.
   597 | D        | Noticed a cane toad
   597 | D        | Noticed a cane toad
   597 | D        | Noticed a cane toad
   597 | D        | Noticed a cane toad
   599 | D        | Killed a cane toad
   600 | D        | Killed a cane toad
   604 | D        | Killed a cane toad
   604 | D        | Received a gift from Sif Muna
   607 | D        | Killed a cane toad
   612 | D        | Found a transporter.
   705 | D        | Got the Incunabulum of Excruciating Changing
   708 | D        | Got the Guide on Creative Sinister Secrets
  1024 | D        | Entered arena 9.
  1024 | D        | Noticed a royal mummy
  1024 | D        | Noticed a death scarab
  1024 | D        | Noticed a death scarab
  1024 | D        | Noticed a guardian mummy
  1027 | D        | Killed a death scarab
  1028 | D        | Reached skill level 14 in Fire Magic
  1028 | D        | Reached XP level 10. HP: 50/50 MP: 17/28
  1029 | D        | Noticed a rust devil
  1029 | D        | Killed a death scarab
  1032 | D        | Found a transporter.
  1033 | D        | Noticed a phantasmal warrior
  1033 | D        | Noticed a shadow wraith
  1034 | D        | Noticed a flayed ghost
  1034 | D        | Noticed a phantasmal warrior
  1037 | D        | Mangled by a shadow wraith

Illustrated notes

Levels and vault maps discovered:
D:        sprint_v [room_start, room_1, room_2, room_3, room_4, room_5, room_6,
          room_7, room_8, room_9, room_10, room_11, room_12, room_13, room_14,
          room_15, room_16, room_17, room_18, room_19, room_20, room_21,
          room_22, room_23, room_24, room_25, room_26, room_27]

Skill      XL: |  1  2  3  4  5  6  7  8  9 10 |
---------------+-------------------------------+-----
Dodging        | 5 6 7 8 10 11 | 11.8
Spellcasting   | 5 6 7 8 9 11 12 13 | 13.0
Fire Magic     | 6 7 9 10 11 13 14 | 14.9
Short Blades   | 1 3 4 5 7 8 |  8.0
Invocations    | 2 6 7 8 9 11 13 | 13.7
Stealth        | |  2.4
Conjurations   | |  1.1

Action                   |  1- 3 |  4- 6 |  7- 9 | 10-12 || total
-------------------------+-------+-------+-------+-------++-------
 Cast: Fireball          |       |     3 |    12 |     1 ||    16
Invok: Channel Magic     |       |     1 |       |       ||     1
Evoke: Wand              |     2 |       |       |       ||     2
       Lightning rod     |     2 |     3 |    13 |     5 ||    23
  Use: Potion            |     1 |       |     5 |     2 ||     8
       Scroll            |       |       |     2 |     1 ||     3
Armor: Robe              |       |       |     5 |     2 ||     7
Dodge: Dodged            |       |       |     8 |     7 ||    15
